 Dungeon Crawl Stone Soup version 0.29.0-4-gdea44cf6ec (webtiles) character file.

Game seed: 2659880735970813335

100 qw the Chopper (level 4, -3/26 HPs)
             Began as a Tengu Warper on Aug 28, 2022.
             Slain by a scorpion (5 damage)
             ... on level 3 of the Dungeon.
             The game lasted 00:00:13 (2730 turns).

qw the Chopper (Tengu Warper)                       Turns: 2730, Time: 00:00:14

Health: -3/26      AC:  8    Str: 14    XL:     4   Next: 74%
Magic:  8/8        EV:  4    Int: 13    God:
Gold:   192        SH:  7    Dex: 13    Spells: 7/7 levels left

rFire   . . .      SeeInvis .   Y - +0 war axe
rCold   . . .      Faith    .   m - +0 kite shield
rNeg    . . .      Spirit   .   e - +0 chain mail
rPois   .          Reflect  .   (helmet restricted)
rElec   .          Harm     .   (no cloak)
rCorr   .          Rampage  .   (no gloves)
Will    .....                   (boots unavailable)
Stlth   ..........              h - amulet of regeneration
HPRegen 0.88/turn               (no ring)
MPRegen 0.11/turn               (no ring)

@: lethally poisoned (-3 -> -4), about to teleport
A: beak, talons 3
a: no special abilities


You were on level 3 of the Dungeon.
You visited 1 branch of the dungeon, and saw 3 of its levels.

You collected 192 gold pieces.


Innate Abilities, Weirdness & Mutations

You have a beak for a mouth.
You have claws for feet.


   Skills:
 - Level 2.0 Fighting
 - Level 5.2 Axes
 - Level 1.0 Throwing
 - Level 1.1 Armour
 - Level 2.1 Dodging
 + Level 0.0 Shields
 - Level 2.0 Spellcasting
 - Level 2.4 Translocations


You had 7 spell levels left.
You didn't know any spells.
Your spell library contained the following spells:

 Spells                   Type           Power      Damage    Failure   Level
 Blink                    Tloc           14%        N/A       100%        2
 Gell's Gravitas          Tloc           7%         N/A       100%        3
 Lesser Beckoning         Tloc           7%         N/A       100%        3
 Teleport Other           Tloc           7%         N/A       100%        3
 Manifold Assault         Tloc           7%         N/A       100%        5

Inventory:

Hand Weapons
 o - a +0 whip
 Y - a +0 war axe (weapon)
Armour
 e - a +0 chain mail (worn)
 m - a +0 kite shield (worn)
Jewellery
 h - an amulet of regeneration (around neck)
Scrolls
 l - a scroll of identify
Potions
 c - a potion of curing {unknown}
 f - a potion of heal wounds {unknown}
 g - a potion of berserk rage {unknown}
 j - a potion of mutation {unknown}

Dungeon Overview and Level Annotations

Branches:
Dungeon (3/15)

Altars:


Message History

The scorpion is moderately wounded.
The scorpion stings you but does no damage.
You barely miss the scorpion.
You claw the scorpion, but do no damage.
The scorpion is moderately wounded.
You block the scorpion's attack. The scorpion completely misses you.
You hit the scorpion but do no damage. You claw the scorpion.
The scorpion is moderately wounded.
The scorpion stings you but does no damage. x2
You hit the scorpion. Your kick misses the scorpion.
You peck the scorpion, but do no damage.
The scorpion is severely wounded.
The scorpion stings you. x2
You barely miss the scorpion. You peck the scorpion.
The scorpion is severely wounded.
The scorpion stings you.
You barely miss the scorpion. Your kick misses the scorpion.
The scorpion is severely wounded.
You block the scorpion's attack. x2
You hit the scorpion but do no damage. Your kick misses the scorpion.
The scorpion is severely wounded.
The scorpion stings you. x2
You are poisoned.
The scorpion poisons you!
You hit the scorpion but do no damage. Your kick misses the scorpion.
The scorpion is severely wounded.
You feel very sick. You block the scorpion's attack.
You hit the scorpion.
The scorpion is almost dead.
You feel sick.
The scorpion stings you but does no damage. x2
You hit the scorpion but do no damage.
The scorpion is almost dead.
You feel sick. The scorpion stings you. x2
2730 ||| READING scroll of teleportation.
As you read the scroll of teleportation, it crumbles to dust.
You feel strangely unstable.
You feel sick. The scorpion stings you.
You die...

#.# #+## # #.#
##.# #..# .
#.## #.. #.#
.... ##.##
.....
#...####......
#..?..@s......
#...####.?....
##### .....
###.


You could see a scorpion.

Vanquished Creatures
  Terence (D:2)
  Robin (D:2)
  2 dart slugs
  2 bats
  2 endoplasms
  A giant cockroach (D:1)
  17 goblins
  5 hobgoblins
  2 jackals (D:2)
  2 kobolds (D:1)
  4 quokkas
  7 ball pythons
  2 frilled lizards (D:1)
  3 rats
51 creatures vanquished.

Notes
Turn   | Place    | Note
-------+----------+-------------------------------------------
     0 | D:1      | qw the Tengu Warper began the quest for the Orb.
     0 | D:1      | Reached XP level 1. HP: 12/12 MP: 4/4
     0 | D:1      | 0 ||| qw: Version: 0.1-a-89-g26bdef1
     0 | D:1      | 0 ||| qw: Game counter: 1648
     0 | D:1      | 0 ||| qw: Always use a shield: true
     0 | D:1      | 0 ||| qw: God list: Okawaru
     0 | D:1      | 0 ||| qw: Allow faded altars: false
     0 | D:1      | 0 ||| qw: Do Orc after D:15 true
     0 | D:1      | 0 ||| qw: Do second Lair branch before Depths: true
     0 | D:1      | 0 ||| qw: Lair rune preference: random
     0 | D:1      | 0 ||| qw: Plans: Normal
     0 | D:1      | 0 ||| PLANNING D:1-11
   204 | D:1      | Reached XP level 2. HP: 17/17 MP: 6/6
   206 | D:1      | Reached skill level 3 in Axes
   433 | D:1      | Found a faded altar of an unknown god.
   834 | D:1      | Reached XP level 3. HP: 21/21 MP: 7/7
  1228 | D:1      | 1228 ||| DROPPING +0 club.
  1268 | D:1      | 1268 ||| UPGRADING to +0 scale mail.
  1278 | D:1      | 1278 ||| DROPPING +0 leather armour.
  1279 | D:1      | 1279 ||| UPGRADING to amulet of regeneration.
  1284 | D:1      | 1284 ||| DROPPING ring of wizardry.
  1285 | D:1      | 1285 ||| READING scroll labelled NEVEIPSE RAGRO.
  1286 | D:1      | 1286 ||| READING scroll labelled IFYTES ECZUKUT.
  1287 | D:1      | 1287 ||| READING scroll labelled WIT DUEREAKH.
  1288 | D:1      | 1288 ||| READING scroll labelled VOH MURONOSYMY.
  1389 | D:1      | 1389 ||| READING scroll labelled YTHRENA UFRO.
  1390 | D:1      | 1390 ||| DROPPING scroll of blinking.
  1477 | D:2      | Reached skill level 4 in Axes
  1744 | D:2      | Noticed Robin
  1745 | D:2      | 1745 ||| Stepping ~*~*~tactically~*~*~ (hiding).
  1749 | D:2      | 1749 ||| Stepping ~*~*~tactically~*~*~ (stealth).
  1767 | D:2      | Killed Robin
  1768 | D:2      | Reached XP level 4. HP: 15/26 MP: 8/8
  1872 | D:2      | Noticed Terence
  1902 | D:2      | Killed Terence
  1903 | D:2      | Reached skill level 5 in Axes
  1954 | D:2      | 1954 ||| SWAPPING to +0 war axe.
  1955 | D:2      | 1955 ||| DROPPING +0 hand axe.
  2554 | D:2      | 2554 ||| UPGRADING to +0 chain mail.
  2564 | D:2      | 2564 ||| DROPPING +0 scale mail.
  2565 | D:2      | 2565 ||| UPGRADING to +0 kite shield.
  2570 | D:2      | 2570 ||| READING 2 scrolls labelled KERPHAE HEZ ODE.
  2571 | D:2      | 2571 ||| READING 2 scrolls labelled INIPRE VOGEILI.
  2574 | D:2      | 2574 ||| READING scroll labelled ARYUCUASEDE.
  2575 | D:2      | 2575 ||| READING scroll labelled EBRAOR NOUTHRA.
  2576 | D:2      | 2576 ||| DRINKING 2 murky puce potions.
  2577 | D:2      | 2577 ||| DROPPING potion of brilliance.
  2718 | D:3      | Noticed a scorpion
  2729 | D:3      | HP: 4/26 [scorpion (6)]
  2730 | D:3      | 2730 ||| READING scroll of teleportation.
  2730 | D:3      | Slain by a scorpion

Levels and vault maps discovered:
D:1:      pf_arrival_petrified_forest, layout_loops_corners,
          shapermc_ecumenical_altar_starsandcircs, minmay_misc_feat_doors,
          moated_statue, minmay_split_cup_small
D:2:      layout_basic, uniq_terence, uniq_robin
D:3:      layout_loops_corners, mainiacjoe_overflow_cross_hatched,
          serial_forest, infiniplex_forest_clump_double,
          infiniplex_forest_straight_3, infiniplex_forest_end_3,
          infiniplex_forest_lined_2, infiniplex_forest_side_room,
          kennysheep_generic_room_8

Skill      XL: |  1  2  3  4 |
---------------+-------------+-----
Axes           | 3 4 5 |  5.2
Fighting       | |  2.0
Throwing       | |  1.0
Armour         | |  1.1
Dodging        | |  2.1
Spellcasting   | |  2.0
Translocations | |  2.4

Action                   |  1- 3 |  4- 6 || total
-------------------------+-------+-------++-------
Melee: Hand axe          |    90 |    33 ||   123
       Kick              |    20 |    16 ||    36
       Peck              |     7 |    10 ||    17
       War axe           |       |    19 ||    19
Throw: Boomerang         |     7 |       ||     7
  Use: Scroll            |     5 |     5 ||    10
       Potion            |       |     1 ||     1
Armor: Leather armour    |    11 |       ||    11
       Scale mail        |    19 |     8 ||    27
       Chain mail        |       |     6 ||     6
Dodge: Dodged            |    32 |    17 ||    49
Block: Kite shield       |       |     4 ||     4

Table legend:
 A = Non-vault XP
 B = Vault XP
 C = Vault XP percentage of total XP
 D = Non-vault monster count
 E = Vault monster count
 F = Vault count percentage of total count
                 A         B        C        D         E       F
            +---------+---------+-------+---------+---------+-------
      Total |      68 |      76 |  52.8 |      36 |      15 |  29.4
            +---------+---------+-------+---------+---------+-------
        D:1 |      37 |       6 |  14.0 |      20 |       3 |  13.0
        D:2 |      30 |      70 |  70.0 |      15 |      12 |  44.4
        D:3 |       1 |       0 |   0.0 |       1 |       0 |   0.0
            +---------+---------+-------+---------+---------+-------
